 Dungeon Crawl Stone Soup version 0.21-a0-421-gfc1ce30 (webtiles) character file.

1153 baseless the Magician (level 8, -1/52 HPs)
             Began as a Mummy Venom Mage on Nov 4, 2017.
             Slain by an adder (3 damage)
             ... on level 5 of the Dungeon.
             The game lasted 00:14:57 (6451 turns).

baseless the Magician (Mummy Venom Mage)            Turns: 6451, Time: 00:14:58

Health: -1/52      AC:  2    Str: 11    XL:     8   Next: 16%
Magic:  4/17       EV: 12    Int: 16    God:
Gold:   170        SH:  0    Dex: 13    Spells: 4/19 levels left

rFire    x . .     SeeInvis .   l - +1 hunting sling (freeze)
rCold    + . .     Gourm    .   (no shield)
rNeg     + + +     Faith    .   a - +0 robe
rPois    ∞         Spirit   .   (no helmet)
rElec    .         Reflect  .   (no cloak)
rCorr    .         Harm     .   (no gloves)
MR       +....                  (no boots)
Stlth    ++........             (no amulet)
HPRegen  0.17/turn              (no ring)
MPRegen  0.15/turn              (no ring)

@: no status effects
A: no food or potions, fire vulnerability, cold resistance 1, negative energy
resistance 3, torment resistance, unbreathing
a: no special abilities


You were on level 5 of the Dungeon.
You were not hungry.

You visited 1 branch of the dungeon, and saw 5 of its levels.

You collected 170 gold pieces.

Inventory:

Hand Weapons
 d - a +0 club
 f - a +2 dagger of freezing
 g - a -1 dagger
 j - a +0 hunting sling
 l - a +1 hunting sling of freezing (weapon)
 m - a -1 dagger
Missiles
 c - 115 stones (quivered)
Armour
 a - a +0 robe (worn)
Scrolls
 e - a scroll of remove curse
 h - a scroll of fog
 i - a scroll of recharging
 k - 2 scrolls of identify
Books
 b - a Young Poisoner's Handbook

   Spells                             Type                      Level
   a - Sting                          Conjuration/Poison           1
   b - Poisonous Vapours              Poison/Air                   2
   c - Mephitic Cloud                 Conjuration/Poison/Air       3
   d - Olgreb's Toxic Radiance        Poison                       4
   e - Venom Bolt                     Conjuration/Poison           5


   Skills:
 - Level 0.2 Fighting
 - Level 0.1 Throwing
 - Level 1.5 Dodging
 - Level 1.5 Stealth
 - Level 6.3 Spellcasting
 + Level 4.7 Conjurations
 + Level 5.6 Poison Magic


You had 4 spell levels left.
You knew the following spells:

 Your Spells              Type           Power        Failure   Level  Hunger
a - Sting                 Conj/Pois      ###.         1%          1    N/A
b - Poisonous Vapours     Pois/Air       ##....       6%          2    N/A
c - Mephitic Cloud        Conj/Pois/Air  ###.....     10%         3    N/A
d - Olgreb's Toxic Radia  Pois           ###.....     13%         4    N/A
e - Venom Bolt            Conj/Pois      ###.......   41%         5    N/A

Dungeon Overview and Level Annotations

Branches:
Dungeon (5/15)
 Temple: D:4-7

Altars:
Elyvilon
Trog
Yredelemnul

Annotations:
D:3 Autsider's ghost, amateur MfIE
D:4 zkyp's ghost, novice OgMo


Innate Abilities, Weirdness & Mutations

You do not eat or drink.
Your flesh is vulnerable to fire.
You are immune to poison.
Your flesh is cold resistant. (rC+)
You are immune to negative energy. (rN+++)
You are immune to unholy pain and torment.
You can survive without breathing.


Message History

Aiming: Poisonous Vapours
Press: ? - help, Dir - move target cursor, f - adder, p - crimson imp
Aim: an adder Poisonous vapours surround the adder!
The adder is engulfed in poison gas.
The adder is poisoned.
The crimson imp hits you but does no damage.
The adder closely misses you.
The crimson imp lashes its tail.
Casting: Poisonous Vapours
Confirm with . or Enter, or press ? or * to list all spells.
Aiming: Poisonous Vapours
Press: ? - help, Dir - move target cursor, f/p - adder
Aim: an adder (lightly wounded, poisoned) Poisonous vapours surround the adder!
The adder is engulfed in poison gas.
The adder looks even sicker.
The adder barely misses you.
The crimson imp disappears for a moment.
The crimson imp hits you.
* * * LOW HITPOINT WARNING * * *
The adder bites you.
You die...

#........#
#........
#......(.###
##.#####.
#........'........#
#.
#........##########
#. #........# #.
#........# #.
#........# #.
#....(...# #.
#....5S@.# #.
#.....5..# #.
########## #. #. #.
#. #. #< ##


You could see 2 crimson imps and an adder.

Vanquished Creatures
  A moth of wrath (D:2)
  An ogre (D:4)
  A centaur (D:5)
  A bullfrog (D:5)
  2 wights
  A howler monkey (D:5)
  2 crimson imps (D:5)
  A centaur skeleton (D:5)
  A bullfrog skeleton (D:4)
  An orc priest (D:5)
  3 orc wizards
  3 worker ants
  A hound skeleton (D:3)
  2 adders
  3 worms
  3 leopard geckos
  15 orcs
  3 giant cockroaches
  10 goblins
  3 hobgoblins
  4 jackals
  6 bats
  4 frilled lizards
  7 kobolds
  A leopard gecko skeleton (D:2)
  12 rats
92 creatures vanquished.

Notes
Turn   | Place    | Note
-------+----------+-------------------------------------------
     0 | D:1      | baseless the Mummy Venom Mage began the quest for the Orb.
     0 | D:1      | Reached XP level 1. HP: 13/13 MP: 4/4
   318 | D:1      | Reached XP level 2. HP: 19/19 MP: 2/5
   353 | D:1      | Learned a level 2 spell: Poisonous Vapours
   435 | D:1      | Reached skill level 3 in Spellcasting
  1373 | D:2      | Reached skill level 1 in Conjurations
  1373 | D:2      | Reached XP level 3. HP: 24/24 MP: 4/7
  1406 | D:2      | Learned a level 3 spell: Mephitic Cloud
  2035 | D:2      | Reached XP level 4. HP: 26/30 MP: 4/9
  2269 | D:2      | Noticed a moth of wrath
  2330 | D:2      | Killed a moth of wrath
  2330 | D:2      | Reached skill level 5 in Spellcasting
  2330 | D:2      | Reached XP level 5. HP: 35/35 MP: 0/13
  2330 | D:2      | Reached XP level 6. HP: 41/41 MP: 0/14
  2333 | D:2      | Found a bloodstained altar of Trog.
  2430 | D:2      | Learned a level 4 spell: Olgreb's Toxic Radiance
  2436 | D:2      | Learned a level 5 spell: Venom Bolt
  2675 | D:2      | Found a faded altar of an unknown god.
  2742 | D:3      | Found a basalt altar of Yredelemnul.
  2937 | D:3      | Reached XP level 7. HP: 46/46 MP: 15/15
  3039 | D:3      | Noticed Autsider's ghost (amateur MfIE)
  3618 | D:4      | Noticed zkyp's ghost (novice OgMo)
  3854 | D:3      | Reached skill level 6 in Spellcasting
  5249 | D:4      | Found a white marble altar of Elyvilon.
  5572 | D:5      | Entered Level 5 of the Dungeon
  5742 | D:5      | Reached skill level 5 in Poison Magic
  6394 | D:5      | Reached XP level 8. HP: 23/52 MP: 3/17
  6423 | D:5      | HP: 2/52 [crimson imp (3)]
  6432 | D:5      | HP: 1/52 [crimson imp (2)]
  6450 | D:5      | HP: 2/52 [crimson imp (2)]
  6451 | D:5      | Slain by an adder

Vault maps used:
D:1:      dpeg_arrival_stone_temple_mockup
D:2:      tgw_trog, first_bread, chequers_ecumenical_altar_lobes
D:3:      yredelemnul_altar_generic, lemuel_coloured_pillars_altar
D:4:      elyvilon_altar_5
D:5:      minmay_temple_entry_grid, cheibrodos_gnoll_hut

Skill      XL: |  1  2  3  4  5  6  7 |
---------------+----------------------+-----
Spellcasting   | 3 5 6 |  6.3
Poison Magic   | 3 4 5 |  5.6
Conjurations   | 1 3 4 |  4.7
Fighting       | |  0.2
Throwing       | |  0.1
Dodging        | |  1.5
Stealth        | |  1.5

Action                   |  1- 3 |  4- 6 |  7- 9 || total
-------------------------+-------+-------+-------++-------
Melee: Club              |    15 |       |       ||    15
       Dagger            |       |       |    26 ||    26
 Fire: Hunting sling     |     7 |    30 |    87 ||   124
Throw: Stone             |     8 |       |       ||     8
 Cast: Sting             |    29 |     5 |     3 ||    37
       Poisonous Vapours |    23 |    12 |    41 ||    76
       Olgreb's Toxic Ra |       |       |     4 ||     4
  Use: Scroll            |     1 |     4 |     2 ||     7
Armor: Robe              |     9 |     2 |    16 ||    27
Dodge: Dodged            |    23 |    10 |    72 ||   105

Table legend:
 A = Spawn XP
 B = Non-spawn XP
 C = Spawn XP percentage of total XP
 D = Spawn monster count
 E = Non-spawn monster count
 F = Spawn count percentage of total count
 G = Total turns spent on level
                    A         B        C        D         E        F      G
               +---------+---------+-------+---------+---------+-------+---------
         Total |       0 |    1648 |   0.0 |       0 |      92 |   0.0 |  6451
               +---------+---------+-------+---------+---------+-------+---------
           D:1 |       0 |      89 |   0.0 |       0 |      21 |   0.0 |  1648
           D:2 |       0 |     642 |   0.0 |       0 |      26 |   0.0 |  1607
           D:3 |       0 |      96 |   0.0 |       0 |      13 |   0.0 |  1144
           D:4 |       0 |     270 |   0.0 |       0 |      16 |   0.0 |  1173
           D:5 |       0 |     551 |   0.0 |       0 |      16 |   0.0 |   879
               +---------+---------+-------+---------+---------+-------+---------
